 Dungeon Crawl Stone Soup version 0.17.2-1-ge4368a0 (webtiles) character file.

2923 Goblin1989 the Gouger (level 9, -5/44 HPs)
             Began as a Felid Monk on Mar 28, 2017.
             Was a Priest of Elyvilon.
             Slain by an ogre
             ... wielding a +0 giant club
              (11 damage)
             ... on level 1 of the Orcish Mines.
             The game lasted 00:50:09 (13901 turns).

Goblin1989 the Gouger (Felid Monk)                 Turns: 13901, Time: 00:50:09

Health: -5/44      AC:  2    Str:  9    XL:     9   Next: 50%
Magic:  10/13      EV: 30    Int: 15    God:    Elyvilon [***...]
Gold:   688        SH:  0    Dex: 23    Spells: 2 memorised, 5 levels left
                                        Lives:  0   Deaths: 3

rFire  . . .     SeeInvis +       - Unarmed
rCold  . . .     Clarity  .     (armour unavailable)
rNeg   . . .     SustAt   .     (shield unavailable)
rPois  .         Gourm    .     (helmet unavailable)
rElec  .         Spirit   .     (cloak unavailable)
rCorr  +         Warding  .     (gloves unavailable)
rMut   .         Stasis   .     (boots unavailable)
MR     ++...                    g - amulet of resist corrosion
Stlth  +++++.....               m - ring of protection from magic
                                y - +3 ring of slaying

@: appendage, quick, very resistant to hostile enchantments, quite stealthy
A: no armour, no weapons or thrown items, claws 1, fangs 3, horns 2, see
invisible, agile 1, breathe flames 1, carnivore 3, clever 1, speed 1, sense
surroundings 1, shaggy fur 2, slow metabolism 1, strong 1, sharp paws
a: End Transformation, Lesser Healing, Heal Other, Purification, Divine
Protection, Renounce Religion, Breathe Fire


You were on level 1 of the Orcish Mines.
You worshipped Elyvilon.
Elyvilon was most pleased with you.
You were very full.
You had grown temporary horns.
You visited 2 branches of the dungeon, and saw 12 of its levels.
You also visited: Sewer and Ossuary.

You collected 688 gold pieces.

Inventory:

Missiles
 c - 179 arrows
Jewellery
 g - an amulet of resist corrosion (around neck)
 i - a ring of stealth
 l - a ring of flight
 m - a ring of protection from magic (right paw)
 o - an amulet of guardian spirit
 x - a ring of stealth
 y - a +3 ring of slaying (left paw)
Wands
 r - a wand of digging (9)
 H - a wand of digging (7)
 I - a wand of disintegration (14)
 J - a wand of polymorph (10)
 K - a wand of magic darts (27)
Scrolls
 b - 3 scrolls of immolation
 e - 5 scrolls of remove curse {@r2}
 f - a scroll of noise
 h - a scroll of fear
 v - a scroll of brand weapon {unknown}
 B - 3 scrolls of recharging
 C - a scroll of enchant weapon {unknown}
 M - 3 scrolls of magic mapping
 R - a scroll of identify {@r1}
 T - 2 scrolls of teleportation {!r, @r3}
Potions
 j - a potion of cancellation
 k - 2 potions of lignification
 n - 5 potions of curing {@q1}
 q - 2 potions of cure mutation {!q}
 t - a potion of heal wounds
 u - 2 potions of ambrosia
 w - a potion of berserk rage
 A - a potion of beneficial mutation
 E - a potion of flight
 G - a potion of might
 L - a potion of invisibility
Books
 d - a book of Changes

   Spells                             Type                      Level
   a - Beastly Appendage              Transmutation                1
   b - Sticks to Snakes               Transmutation                2
   c - Spider Form                    Transmutation/Poison         3
   d - Ice Form                       Ice/Transmutation            4
   e - Blade Hands                    Transmutation                5
 D - a book of Dreams

   Spells                             Type                      Level
   a - Ensorcelled Hibernation        Hexes/Ice                    2
   b - Phase Shift                    Translocation                5
   c - Shadow Creatures               Summoning                    5
   d - Silence                        Hexes/Air                    5
   e - Darkness                       Hexes                        6
   f - Mass Confusion                 Hexes                        6
Comestibles
 a - 6 meat rations {@e2}
 p - 2 slices of pizza
 s - 3 beef jerkies
 z - 11 royal jellies


   Skills:
 + Level 8.2 Fighting
 + Level 10.5 Dodging
 + Level 6.0 Stealth
 * Level 11.5 Unarmed Combat
 - Level 5.0 Transmutations
 - Level 5.2 Invocations
 - Level 2.3 Evocations


You had 5 spell levels left.
You knew the following spells:

 Your Spells              Type           Power        Failure   Level  Hunger
a - Beastly Appendage     Trmt           ###...       3%          1    ##.....
b - Sticks to Snakes      Trmt           ###.......   6%          2    ###....


Dungeon Overview and Level Annotations

Branches:
Dungeon (11/15)            Temple (0/1) D:7            Lair (0/8) D:10
    Orc (1/4) D:9

Altars:
Elyvilon
Kikubaaqudgha
Ru
Sif Muna
Yredelemnul
Zin

Shops:
D:11 [   Orc:1 [

Annotations:
D:8 exclusion: slave
D:10 exclusion: oklob plant


Innate Abilities, Weirdness & Mutations

You cannot wear armour.
You are incapable of wielding weapons or throwing items.
You have sharp claws.
You have razor-sharp teeth.
You have supernaturally acute eyesight.
You are carnivorous and can eat meat at any time.
You cover ground quickly.
You are covered in thick fur (AC +2).
You have a slow metabolism.
Your sharp claws are effective at attacking unaware monsters.
You have a pair of horns on your head.
You are agile. (Dex +2)
You can breathe flames.
Your mind is acute. (Int +2)
You passively map a small area around you.
Your muscles are strong. (Str +2)


Message History

The orc moves out of view.
The orc warrior completely misses you.
You are healed.
You feel somewhat less full.
You can no longer provide greater healing for yourself.
Health restored: 44 You now have 11/13 mp.
You are healed.
You feel somewhat less full. The orc warrior completely misses you.
You now have 10/13 mp.
The orc warrior hits you with a halberd of protection.
An orc warrior comes into view. It is wielding a trident.
You take 6 damage, and have 38/44 hp.
The orc shouts!
The orc warrior shouts!
You scratch the orc warrior.
You bite the orc warrior, but do no damage.
The orc warrior is lightly wounded.
You claw the orc warrior!
The orc warrior is almost dead.
The orc misses you. The orc warrior misses you.
An orc comes into view. It is wielding a falchion.
The orc shouts!
You scratch the orc warrior. Your bite misses the orc warrior.
The orc warrior is almost dead.
The orc hits you. The orc completely misses you.
An orc and 2 orc wizards come into view.
You take 1 damage, and have 38/44 hp.
You barely miss the orc warrior.
The orc wizard shouts! x2
The orc shouts!
You bite the orc warrior, but do no damage.
The orc warrior is almost dead.
The orc warrior completely misses you. The orc barely misses you.
The orc wizard moves out of view.
You scratch the orc warrior.
The orc warrior is almost dead.
The orc completely misses you. x2
The orc warrior completely misses you. The orc warrior misses you.
You claw the orc warrior!
You kill the orc warrior!
Your Stealth skill increases to level 6!
The orc misses you. The orc completely misses you.
Casting: Beastly Appendage
Confirm with . or Enter, or press ? or * to list all spells.
You grow a pair of large bovine horns.
The orc warrior misses you. The orc hits you.
An ogre comes into view. It is wielding a giant club.
You take 1 damage, and have 37/44 hp.
You now have 10/13 mp.
The ogre shouts!
You claw the orc!
You kill the orc!
The orc completely misses you. The orc warrior completely misses you.
You closely miss the orc. The orc hits you. The orc completely misses you.
The orc completely misses you. The orc warrior closely misses you.
You take 3 damage, and have 34/44 hp.
You claw the orc!
You kill the orc!
The orc completely misses you.
An orc comes into view.
You closely miss the orc wizard. The orc completely misses you.
The orc warrior hits you from afar with a trident!
The orc misses you.
The orc wizard jeers loudly.
The orc wizard completely misses you.
You take 11 damage, and have 24/44 hp.
MASSIVE DAMAGE!!
The orc shouts!
You scratch the orc wizard. Your headbutt misses the orc wizard.
You bite the orc wizard.
The orc wizard is heavily wounded.
The orc completely misses you. The orc warrior barely misses you.
The orc completely misses you.
You claw the orc wizard!
You kill the orc wizard!
The orc wizard hits you but does no damage.
The orc hits you with a mace. The orc completely misses you.
The orc warrior misses you. The orc wizard misses you.
An orc comes into view. It is wielding a club.
Items here: $ )))) [[ †† You take 1 damage, and have 23/44 hp.
You closely miss the orc warrior.
The orc shouts!
Your headbutt misses the orc warrior. The ogre completely misses you.
The orc completely misses you. The orc barely misses you.
The orc warrior completely misses you. The orc wizard completely misses you.
You claw the orc warrior! You headbutt the orc warrior.
The orc warrior is severely wounded.
The orc completely misses you. The orc wizard misses you.
The ogre completely misses you.
You scratch the orc warrior.
The orc warrior is almost dead.
The orc closely misses you.
The orc warrior hits you with a trident!!
Ouch! That really hurt!
* * * LOW HITPOINT WARNING * * *
The orc completely misses you.
You take 22 damage, and have 1/44 hp.
MASSIVE DAMAGE!!
You are healed.
You feel somewhat less full.
The orc wizard gestures wildly while chanting.
The orc wizard flickers and vanishes for a moment.
The orc hits you but does no damage. The orc warrior completely misses you.
The ogre hits you with a giant club!
You die...

............... ·· ·
..............██......
........).....█....... ·
........█............. ·
.....█...........█... ·
.█...............o..· █
· · ███.......>......██
..█ ·
███............o†O█.....
·
█.█.............@o.o....
...............ooo█..██.
..).....................
·
..).....................
......█......██.........
...........███...█....█.
.████....██. █.█....██▓
██▓ ....█.... ...█...█ ·
....█..... · · ·· ·


You could see an orc warrior, an ogre, an orc wizard (invisible) and 5 orcs.

Vanquished Creatures
  Erica (D:9)
  A cyclops (D:11)
  A two-headed ogre (D:11)
  A troll (D:10)
  A shadow (D:11)
  A trapdoor spider (D:11)
  2 wraiths
  2 wyverns
  A basilisk (D:11)
  A deep elf mage (D:10)
  A vampire mosquito (D:11)
  Grum (D:9)
  2 hippogriffs
  2 wolves (D:9)
  A warg (D:9)
  A sky beast (D:7)
  5 orc warriors
  A crocodile (D:9)
  3 ice beasts
  3 ogres
  An eye of draining (D:11)
  2 phantoms
  5 centaurs
  11 giant frogs
  A water moccasin skeleton (D:9)
  12 killer bees
  4 wights (D:8)
  3 crimson imps
  12 orc priests
  12 orc wizards
  A giant frog skeleton (D:9)
  A human zombie (Ossuary)
  6 jellies
  A wasp zombie (D:11)
  A gnoll shaman (D:4)
  10 worker ants
  6 hounds
  3 iguanas
  A killer bee zombie (D:8)
  A big kobold zombie (Ossuary)
  4 mummies (Ossuary)
  A hound skeleton (D:7)
  3 gnolls (D:4)
  20 adders
  3 shadow imps
  14 oozes
  3 worms
  An adder skeleton (D:9)
  15 giant geckos
  44 orcs
  6 ball pythons
  7 bats
  14 giant cockroaches
  3 gnoll zombies
  8 goblins
  5 hobgoblins
  4 jackals (D:5)
  10 kobolds
  2 giant gecko zombies
  10 giant newts
  2 goblin zombies (Ossuary)
  2 hobgoblin zombies (Ossuary)
  A kobold zombie (Ossuary)
  8 quokkas
  3 rats
319 creatures vanquished.

Notes
Turn   | Place    | Note
--------------------------------------------------------------
     0 | D:1      | Goblin1989 the Felid Monk began the quest for the Orb.
     0 | D:1      | Reached XP level 1. HP: 10/10 MP: 2/2
   235 | D:1      | Reached XP level 2. HP: 14/14 MP: 3/3
   810 | D:2      | Reached XP level 3. HP: 10/17 MP: 4/4
  1223 | D:2      | Found an ancient bone altar of Kikubaaqudgha.
  1440 | D:3      | Reached XP level 4. HP: 13/21 MP: 5/5
  1731 | D:3      | Found a glowing silver altar of Zin.
  1738 | D:3      | Found a deep blue altar of Sif Muna.
  2328 | D:3      | Noticed a phantom
  2503 | D:4      | Reached XP level 5. HP: 17/25 MP: 3/6
  2670 | D:4      | Reached skill level 5 in Stealth
  2670 | D:4      | Reached skill level 5 in Unarmed Combat
  2852 | D:4      | Reached skill level 5 in Dodging
  3154 | D:4      | Found a basalt altar of Yredelemnul.
  3298 | D:5      | Entered Level 5 of the Dungeon
  3302 | D:5      | Gained mutation: You are covered in thick fur (AC +2). [Felid growth]
  3302 | D:5      | Reached XP level 6. HP: 26/28 MP: 7/7
  3475 | D:5      | Found a sand-covered staircase.
  3482 | Ossuary  | Entered an ossuary
  3574 | Ossuary  | Learned a level 1 spell: Beastly Appendage
  3853 | Ossuary  | Reached skill level 1 in Transmutations
  4090 | Ossuary  | Learned a level 2 spell: Sticks to Snakes
  4215 | D:5      | Noticed an ogre
  4227 | D:5      | Killed an ogre
  4523 | D:5      | Killed from afar by an orc wizard
  4524 | D:5      | Reached XP level 5. HP: 0/25 MP: 0/6
  4585 | D:4      | Reached XP level 6. HP: 27/29 MP: 7/7
  4671 | D:5      | Reached skill level 6 in Unarmed Combat
  4786 | D:5      | Noticed an ogre
  4824 | D:6      | Found a glowing drain.
  4893 | Sewer    | Entered a sewer
  5246 | Sewer    | Reached XP level 7. HP: 33/33 MP: 8/8
  5425 | Sewer    | Gained mutation: You evolve. [potion of mutation]
  5425 | Sewer    | Lost mutation: You evolve. [potion of mutation]
  5425 | Sewer    | Gained mutation: You passively map a small area around you. [potion of mutation]
  5743 | Sewer    | Gained mutation: You can breathe flames. [potion of mutation]
  5743 | Sewer    | Gained mutation: Your mind is acute. (Int +2) [potion of mutation]
  5744 | Sewer    | Gained mutation: You are agile. (Dex +2) [potion of mutation]
  5744 | Sewer    | Gained mutation: Your muscles are strong. (Str +2) [potion of mutation]
  5815 | D:6      | Reached skill level 7 in Unarmed Combat
  5819 | D:6      | Reached skill level 5 in Fighting
  6254 | D:6      | Reached XP level 8. HP: 30/37 MP: 9/9
  6799 | D:7      | Found a white marble altar of Elyvilon.
  6804 | D:7      | Became a worshipper of Elyvilon the Healer
  6804 | D:7      | Reached * piety under Elyvilon
  6804 | D:7      | Reached ** piety under Elyvilon
  6994 | D:7      | Reached skill level 1 in Invocations
  7305 | D:7      | Found a staircase to the Ecumenical Temple.
  7419 | D:7      | Reached skill level 8 in Unarmed Combat
  7542 | D:8      | Reached skill level 5 in Transmutations
  7687 | D:8      | Reached XP level 9. HP: 34/41 MP: 8/11
  8916 | D:5      | Reached skill level 9 in Unarmed Combat
  9118 | D:5      | Killed an ogre
  9816 | D:9      | Found a staircase to the Orcish Mines.
  9897 | D:9      | Noticed Erica
  9905 | D:9      | Killed Erica
 10015 | D:9      | Reached XP level 10. HP: 47/47 MP: 14/14
 10370 | D:9      | Noticed Grum
 10384 | D:9      | Reached skill level 10 in Unarmed Combat
 10578 | D:9      | Killed Grum
 10620 | D:9      | Reached *** piety under Elyvilon
 10973 | D:10     | Entered Level 10 of the Dungeon
 11188 | D:10     | Found a sacrificial altar of Ru.
 11261 | D:10     | Found a staircase to the Lair.
 11262 | D:10     | Noticed an oklob plant
 11357 | D:10     | Reached skill level 5 in Invocations
 11851 | D:10     | Reached skill level 10 in Dodging
 12342 | D:11     | Reached skill level 1 in Evocations
 12402 | D:11     | Noticed a four-headed hydra
 12409 | D:11     | Slain by a four-headed hydra
 12410 | D:11     | Reached XP level 9. HP: -5/43 MP: 11/13
 12467 | D:11     | Noticed a cyclops
 12508 | D:11     | Reached skill level 11 in Unarmed Combat
 12864 | D:11     | Reached XP level 10. HP: 16/48 MP: 14/14
 13174 | D:11     | Killed a cyclops
 13545 | D:11     | Noticed an ogre mage
 13551 | D:11     | Killed from afar by an ogre mage
 13552 | D:11     | Reached XP level 9. HP: -8/44 MP: 13/13
 13586 | D:11     | Found Anlar's Antique Armour Emporium.
 13618 | D:11     | Noticed a green ugly thing
 13760 | Orc:1    | Entered Level 1 of the Orcish Mines
 13760 | Orc:1    | Found Riuruzyo's Antique Armour Boutique.
 13810 | Orc:1    | Reached **** piety under Elyvilon
 13900 | Orc:1    | HP: 1/44 [orc warrior/trident (22)]
 13901 | Orc:1    | Slain by an ogre

Action                   |  1- 3 |  4- 6 |  7- 9 | 10-12 || total
-------------------------+-------+-------+-------+-------++-------
Melee: Unarmed           |    46 |   242 |   367 |   185 ||   840
 Cast: Beastly Appendage |       |     5 |    19 |    17 ||    41
       Sticks to Snakes  |       |       |     2 |     7 ||     9
Invok: Lesser Healing    |       |       |     2 |       ||     2
       Greater Healing   |       |       |     1 |       ||     1
Evoke: Wand              |       |       |       |     1 ||     1
  Use: Scroll            |       |    10 |     8 |       ||    18
       Potion            |       |       |    10 |     1 ||    11
 Stab: Sleeping          |    12 |    13 |    26 |     6 ||    57
       Distracted        |       |     1 |     1 |       ||     2
       Invisible         |       |       |     1 |       ||     1
  Eat: Chunk             |     7 |    14 |    22 |     7 ||    50

Vault maps used:
D:1:      minmay_arrival_four_houses
D:2:      kiku_gazebo_pond_becter
D:3:      forest_paths, amethyst_overflow_temple_binary, first_bread,
          minmay_misc_feat_more_columns
D:4:      lemuel_zombie_altar_yredelemnul, minmay_statues_item
D:5:      nicolae_ossuary_entry_ruins
D:6:      gup_sewer_entry_glass
D:7:      lemuel_crystal_altar, minmay_temple_entry_mist
D:8:      hangedman_little_slice_of_home, uniq_pikel
D:9:      orc_0_dummy, uniq_erica, uniq_grum
D:10:     dpeg_oklobed_lair, nicolae_ru_path_of_blood
D:11:     minmay_tri_box, serial_shops, nicolae_shop_behind_doors
Orc:1:    serial_shops, nicolae_shop_crystal
Sewer:    sewer_frog_island_02
Ossuary:  ossuary_crypta
